 Dungeon Sprint DCSS version 0.20.1-1-g8b1a95d (webtiles) character file.

1976 potatolord6000 the Blocker (level 9, 0/78 HPs)
             Began as a Formicid Summoner on Aug 30, 2017.
             Was a High Priest of Sif Muna.
             Slain by a wolf spider (15 damage)
             ... in the Dungeon (Sprint V: "Ziggurat Sprint").
             The game lasted 00:07:50 (488 turns).

potatolord6000 the Blocker (Formicid Summoner)       Turns: 488, Time: 00:07:50

Health: 0/78       AC:  2    Str: 14    XL:     9   Next: 43%
Magic:  3/28       EV: 12    Int: 35    God:    Sif Muna [*****.]
Gold:   0          SH: 14    Dex: 11    Spells: 3/27 levels left

rFire    . . .     SeeInvis +   f - +6 Majin-Bo {vamp, Archmagi MP+6 Int+6}
rCold    . . .     Gourm    .   y - +3 shield
rNeg     . . .     Faith    .   a - +0 robe
rPois    .         Spirit   .   (helmet unavailable)
rElec    .         Reflect  .   (no cloak)
rCorr    .         Harm     .   (no gloves)
MR       .....                  (no boots)
Stlth    ++........             (no amulet)
Regen    0.3/turn               l - +6 ring of intelligence
MPRegen  0.3/turn               m - +6 ring of intelligence

@: very slightly contaminated
A: permanent stasis, dig shafts and tunnels, four strong arms, antennae 3
a: Dig, Divine Energy, Channel Magic, Forget Spell, Renounce Religion


You were in the Dungeon.
You worshipped Sif Muna.
Sif Muna was extremely pleased with you.
You were not hungry.

You visited 1 branch

Inventory:

Hand Weapons
 f - the +6 Majin-Bo (weapon) {vamp, Archmagi MP+6 Int+6}
   (You found it in the Dungeon)

   It inflicts no extra harm, but heals its wielder when it wounds a living foe.
   It affects your intelligence (+6).
   It affects your magic capacity (+6).
Armour
 a - a +0 robe (worn)
 y - a +3 shield (worn)
Jewellery
 l - a +6 ring of intelligence (left hand)
 m - a +6 ring of intelligence (right hand)
Scrolls
 j - 4 scrolls of amnesia
 k - 3 scrolls of recharging
 n - 7 scrolls of fog
 o - a scroll of holy word
 p - 5 scrolls of identify
 q - 5 scrolls of remove curse
 r - 2 scrolls of fear
 t - a scroll of brand weapon
Potions
 d - 10 potions of curing
 e - 4 potions of heal wounds
 g - 6 potions of magic
 s - 2 potions of brilliance
 u - 3 potions of resistance
 w - 3 potions of agility
 x - 3 potions of might
Books
 b - a book of Callings

   Spells                             Type                      Level
   a - Summon Small Mammal            Summoning                    1
   b - Call Imp                       Summoning                    2
   c - Call Canine Familiar           Summoning                    3
   d - Summon Guardian Golem          Hexes/Summoning              3
   e - Summon Lightning Spire         Summoning/Air                4
   f - Summon Ice Beast               Ice/Summoning                4
Comestibles
 c - 42 fruits
 h - 4 bread rations
 i - 4 meat rations


   Skills:
 + Level 10.0 Fighting
 + Level 9.2 Staves
 - Level 1.7 Dodging
 - Level 2.4 Stealth
 + Level 10.7 Shields
 + Level 9.5 Spellcasting
 + Level 10.1 Summonings


You had 3 spell levels left.
You knew the following spells:

 Your Spells              Type           Power        Failure   Level  Hunger
a - Summon Small Mammal   Summ           ####         1%          1    None
b - Call Canine Familiar  Summ           #######.     1%          3    None
c - Summon Ice Beast      Ice/Summ       ######..     3%          4    None
d - Summon Lightning Spi  Summ/Air       ######..     3%          4    None
e - Summon Guardian Gole  Hex/Summ       ######..     1%          3    None
f - Dragon's Call         Summ           #######...   100%        9    #######


Dungeon Overview and Level Annotations

Branches:
Dungeon (1/1)

Altars:
Ashenzari
Cheibriados
Dithmenos
Elyvilon
Fedhas
Gozag
Hepliaklqana
Kikubaaqudgha
Makhleb
Nemelex Xobeh
Okawaru
Qazlal
Ru
Sif Muna
Trog
Uskayaw
Vehumet
Xom
Yredelemnul
Zin
The Shining One
Beogh
Jiyva
Lugonu


Innate Abilities, Weirdness & Mutations

You cannot be hasted, slowed, berserked, paralysed or teleported.
You can dig through walls and to a lower floor.
Your four strong arms can wield two-handed weapons with a shield.
You have a pair of large antennae on your head. (SInv)


Message History

The wolf spider hits you!
* * * LOW HITPOINT WARNING * * *
The wolf spider misses you.
Your warg closely misses the tarantella.
You block the tarantella's attack.
Unknown command.
Unknown command.
Unknown command.
Unknown command.
You feel much better. You block the tarantella's attack.
You block the wolf spider's attack. x2; Your warg barely misses the tarantella.
The tarantella barely misses you.
Your ice beast hits the jumping spider but does no damage.
The tarantella barely misses you.
The jumping spider pounces on your ice beast!
Your ice beast dies!
The wolf spider hits you!!
* * * LOW HITPOINT WARNING * * *
The wolf spider bites you!
You die... {{{{

▓.."[}..▓
{{{
▓..=)|..▓
▓.s.....▓
▓.......▓
▓§..§...▓
▓...s...▓
▓..sssh.▓
▓...@...▓
▓▓▓▓▓▓▓▓▓
{{{ {{{


You could see a wolf spider, a jumping spider (unaware), 2 tarantellas, a
scorpion and a friendly warg.

Vanquished Creatures
  2 draconians (D)
  2 rime drakes (D)
4 creatures vanquished.

Vanquished Creatures (collateral kills)
  2 draconians (D)
  A tarantella (D)
  An ushabti (D)
  A water moccasin (D)
  An orc priest (D)
  An orc wizard (D)
  A mummy (D)
  An adder (D)
  An orc (D)
  A bat zombie (D)
  2 ball pythons (D)
  A quokka zombie (D)
14 creatures vanquished.

Vanquished Creatures (others)
  A yellow draconian (D)
1 creature vanquished.

Grand Total: 19 creatures vanquished

Notes
Turn   | Place    | Note
-------+----------+-------------------------------------------
     0 | D        | potatolord6000 the Formicid Summoner began the quest for the Orb.
     0 | D        | Reached XP level 1. HP: 13/13 MP: 3/3
     0 | D        | Found a deep blue altar of Sif Muna.
     0 | D        | Found a bloodstained altar of Trog.
     0 | D        | Found a sacrificial altar of Ru.
     0 | D        | Found a stormy altar of Qazlal.
     0 | D        | Found an iron altar of Okawaru.
     5 | D        | Found a sparkling altar of Nemelex Xobeh.
     6 | D        | Found a corrupted altar of Lugonu.
     6 | D        | Found a burning altar of Makhleb.
     6 | D        | Found an ancient bone altar of Kikubaaqudgha.
     6 | D        | Found a transporter.
     6 | D        | Found a viscous altar of Jiyva.
     9 | D        | Found a hazy altar of Hepliaklqana.
    33 | D        | Found an opulent altar of Gozag.
    35 | D        | Found a blossoming altar of Fedhas.
    97 | D        | Became a worshipper of Sif Muna the Loreminder
   101 | D        | Reached skill level 5 in Summonings
   101 | D        | Reached XP level 2. HP: 24/24 MP: 6/6
   133 | D        | Entered arena 2.
   133 | D        | Noticed a rime drake
   133 | D        | Noticed a rime drake
   133 | D        | Found a transporter.
   140 | D        | Killed a rime drake
   140 | D        | Reached * piety under Sif Muna
   140 | D        | Reached skill level 5 in Fighting
   140 | D        | Reached skill level 5 in Staves
   140 | D        | Reached skill level 5 in Spellcasting
   140 | D        | Reached XP level 3. HP: 25/33 MP: 10/10
   140 | D        | Reached XP level 4. HP: 29/39 MP: 10/11
   140 | D        | Reached XP level 5. HP: 34/45 MP: 11/13
   146 | D        | Killed a rime drake
   146 | D        | Reached ** piety under Sif Muna
   146 | D        | Reached XP level 6. HP: 55/55 MP: 13/16
   146 | D        | Reached XP level 7. HP: 60/60 MP: 13/17
   152 | D        | Learned a level 3 spell: Call Canine Familiar
   157 | D        | Learned a level 4 spell: Summon Ice Beast
   162 | D        | Learned a level 4 spell: Summon Lightning Spire
   166 | D        | Learned a level 3 spell: Summon Guardian Golem
   175 | D        | Entered arena 3.
   175 | D        | Found a transporter.
   190 | D        | Entered arena 4.
   190 | D        | Noticed a water moccasin
   190 | D        | Found a transporter.
   193 | D        | Killed a water moccasin
   194 | D        | Reached *** piety under Sif Muna
   304 | D        | Entered arena 5.
   304 | D        | Noticed an ushabti
   304 | D        | Found a transporter.
   316 | D        | Killed an ushabti
   426 | D        | Entered arena 6.
   426 | D        | Noticed a yellow draconian
   426 | D        | Noticed a draconian
   426 | D        | Noticed a draconian
   426 | D        | Noticed a draconian
   426 | D        | Noticed a draconian
   426 | D        | Found a transporter.
   436 | D        | Killed a draconian
   436 | D        | Killed a yellow draconian
   436 | D        | Reached **** piety under Sif Muna
   436 | D        | Reached XP level 8. HP: 48/69 MP: 1/20
   438 | D        | Killed a draconian
   442 | D        | Killed a draconian
   442 | D        | Reached skill level 10 in Shields
   442 | D        | Reached XP level 9. HP: 61/77 MP: 2/22
   446 | D        | Killed a draconian
   446 | D        | Reached skill level 10 in Summonings
   463 | D        | Learned a level 9 spell: Dragon's Call
   473 | D        | Entered arena 7.
   473 | D        | Noticed a wolf spider
   473 | D        | Noticed a jumping spider
   484 | D        | Reached ***** piety under Sif Muna
   484 | D        | Identified Sif Muna's Almanac of Supportive Darkness (Sif Muna gifted it to you in the Dungeon)
   484 | D        | Received a gift from Sif Muna
   484 | D        | Reached skill level 10 in Fighting
   488 | D        | Slain by a wolf spider

Skill      XL: |  1  2  3  4  5  6  7  8  9 |
---------------+----------------------------+-----
Fighting       | 3 5 7 8 9 10 | 10.0
Staves         | 3 5 6 7 8 9 |  9.2
Shields        | 3 6 7 9 10 | 10.7
Spellcasting   | 3 5 7 8 9 |  9.5
Summonings     | 5 6 7 9 10 | 10.1
Dodging        | |  1.7
Stealth        | |  2.4

Action                   |  1- 3 |  4- 6 |  7- 9 || total
-------------------------+-------+-------+-------++-------
Melee: Quarterstaff      |     4 |     4 |    14 ||    22
 Cast: Summon Small Mamm |     4 |       |       ||     4
       Summon Ice Beast  |       |       |    16 ||    16
       Call Canine Famil |       |       |     5 ||     5
       Summon Guardian G |       |       |     4 ||     4
       Summon Lightning  |       |       |     1 ||     1
  Use: Potion            |     5 |       |    10 ||    15
 Stab: Invisible         |     1 |       |     2 ||     3
  Eat: Bread ration      |     1 |       |       ||     1
Armor: Robe              |       |       |     1 ||     1
Dodge: Dodged            |     1 |     1 |    11 ||    13
Block: Shield            |     4 |     2 |    17 ||    23
